 Dungeon Crawl Stone Soup version 0.27-b1-23-g44b8eac545 (webtiles) character file.

Game seed: 10424017027873975512

861 Strat the Spear-Bearer (level 7, -2/61 HPs)
             Began as a Minotaur Artificer on July 28, 2021.
             Killed from afar by Erica (12 damage)
             ... with a bolt of poison
             ... on level 8 of the Dungeon.
             The game lasted 00:10:14 (5918 turns).

Strat the Spear-Bearer (Minotaur Artificer)         Turns: 5918, Time: 00:10:15

Health: -2/61      AC:  9    Str: 19    XL:     7   Next: 71%
Magic:  6/6        EV:  7    Int:  8    God:
Gold:   162        SH:  0    Dex: 10    Spells: 6/6 levels left

rFire    . . .     SeeInvis .   s - +0 halberd
rCold    . . .     Faith    .   (shield currently unavailable)
rNeg     . . .     Spirit   .   a - +0 chain mail
rPois    .         Reflect  .   (helmet restricted)
rElec    .         Harm     .   (no cloak)
rCorr    .         Rampage  .   (no gloves)
Will     .....                  (no boots)
Stlth    ..........             (no amulet)
HPRegen  0.20/turn              (no ring)
MPRegen  0.10/turn              (no ring)

@: lethally poisoned (-2 -> -18)
A: horns 2, retaliatory headbutt
a: no special abilities


You were on level 8 of the Dungeon.
You visited 1 branch of the dungeon, and saw 6 of its levels.

You collected 162 gold pieces.

Inventory:

Hand Weapons
 o - a +0 spear
 s - a +0 halberd (weapon)
Missiles
 c - a throwing net
 i - 180 stones
 y - 8 atropa-tipped darts
Armour
 a - a +0 chain mail (worn)
 p - a +0 ring mail
Jewellery
 A - an amulet of faith
Wands
 d - a wand of charming (10)
 f - a wand of flame (13)
Scrolls
 j - a scroll of noise
 n - a scroll of blinking
Potions
 g - a potion of cancellation
 k - 2 potions of flight
 r - a potion of attraction {unknown}
 t - 2 potions of might {unknown}
 u - a potion of heal wounds {unknown}
 v - a potion of berserk rage {unknown}
 z - a potion of lignification {unknown}
Miscellaneous
 e - a piece from Xom's chessboard (15/15)


   Skills:
 + Level 5.5 Fighting
 + Level 8.2 Polearms
 + Level 3.8 Armour
 - Level 1.1 Dodging
 - Level 0.7 Stealth
 - Level 2.6 Evocations


You had 6 spell levels left.
You didn't know any spells.
Your spell library contained the following spells:

 Spells                   Type           Power      Damage    Failure   Level
 Magic Dart               Conj           0%         1d3       99%         1
 Searing Ray              Conj           0%         3d3       100%        2
 Static Discharge         Conj/Air       0%         N/A       100%        2
 Fulminant Prism          Conj/Hex       0%         3d6       100%        4
 Lightning Bolt           Conj/Air       0%         1d11      100%        5
 Maxwell's Capacitive Co  Air            0%         ∞         100%        8


Dungeon Overview and Level Annotations

Branches:
Dungeon (5/15)
 Temple: D:4-7

Altars:
Vehumet

Shops:
D:4 ([:

Annotations:
D:8 Erica


Innate Abilities, Weirdness & Mutations

You have a pair of horns on your head.
You reflexively headbutt those who attack you in melee.


Message History

A hound comes into view.
The hound barks!
You hit the hound.
The hound is moderately wounded.
The hound bites you.
* * * LOW HITPOINT WARNING * * *
The hound bites you but does no damage.
Your extra speed is starting to run out.
You see here a necrophage skeleton.
As you read the scroll of teleportation, it crumbles to dust.
You feel strangely unstable. The hound barely misses you.
You furiously retaliate!
You headbutt the hound.
You feel yourself slow down.
Your surroundings suddenly seem different.
An orc comes into view. It is wielding a +0 dagger.
The orc shouts!
You hear a shout!
An ogre comes into view. It is wielding a +0 giant spiked club.
You fall into a shaft and drop 3 floors!
The shaft crumbles and collapses.
Found 12 gold pieces and a potion of curing.
A kobold comes into view. It is wielding a +0 dagger.
The kobold moves out of view.
A wyvern zombie comes into view.
As you read the scroll of teleportation, it crumbles to dust.
You feel strangely unstable.
The kobold throws a stone.
The stone hits you.
* * * LOW HITPOINT WARNING * * *
Your surroundings suddenly seem different.
Erica the Fiery-Tempered comes into view.
She is wielding a +0 scimitar of flaming and wearing a +0 robe of the Archmagi.
Found a scroll of identify and a metallic silvery potion.
Found a stone staircase leading up.
Erica gestures at you while chanting. You resist with significant effort.
Found 18 gold pieces.
There is a stone staircase leading up here.
There are no items here.
Erica gestures at you while chanting. The bolt of poison hits you!
You are lethally poisoned!
You die...

#+# #.#
#####.####
####..@.....#
#.....#$..#.#
#.....?...@.#
#.......!.#.#
#.....#...#.#
.......##.....
######.######.##
#.. .# ### ##


You could see Erica.

Vanquished Creatures
  A black bear (D:4)
  2 ogres (D:4)
  A necrophage (D:5)
  A bullfrog (D:3)
  An orc priest (D:4)
  A gnoll shaman (D:5)
  3 orc wizards
  3 iguanas (D:4)
  A gnoll (D:2)
  6 adders
  A shadow imp (D:5)
  2 white imps (D:5)
  3 worms
  3 dart slugs
  3 orcs
  7 ball pythons
  5 bats
  14 endoplasms
  3 giant cockroaches
  9 goblins
  9 hobgoblins
  16 jackals
  5 kobolds
  5 quokkas
  2 frilled lizards (D:3)
  10 rats
117 creatures vanquished.

Vanquished Creatures (collateral kills)
  2 orc wizards (D:4)
  2 orcs (D:4)
  A jackal (D:4)
5 creatures vanquished.

Vanquished Creatures (others)
  An orc (D:4)
1 creature vanquished.

Grand Total: 123 creatures vanquished

Notes
Turn   | Place    | Note
-------+----------+-------------------------------------------
     0 | D:1      | Strat the Minotaur Artificer began the quest for the Orb.
     0 | D:1      | Reached XP level 1. HP: 16/16 MP: 0/0
   342 | D:1      | Reached XP level 2. HP: 25/25 MP: 1/1
   743 | D:1      | Reached XP level 3. HP: 26/33 MP: 2/2
  1706 | D:2      | Reached XP level 4. HP: 27/41 MP: 3/3
  2106 | D:2      | Reached skill level 5 in Fighting
  2620 | D:2      | Reached skill level 1 in Polearms
  2973 | D:3      | Noticed a bullfrog
  2982 | D:3      | Killed a bullfrog
  2983 | D:3      | Reached skill level 3 in Polearms
  2983 | D:3      | Reached XP level 5. HP: 40/48 MP: 4/4
  3569 | D:3      | Reached skill level 4 in Polearms
  3769 | D:4      | Reached XP level 6. HP: 48/56 MP: 5/5
  4165 | D:4      | Reached skill level 5 in Polearms
  4232 | D:4      | Found a radiant altar of Vehumet.
  4256 | D:4      | HP: 2/56 [ogre (31)]
  4268 | D:4      | Reached skill level 6 in Polearms
  4621 | D:4      | Reached XP level 7. HP: 44/61 MP: 6/6
  4781 | D:4      | Reached skill level 7 in Polearms
  5055 | D:4      | Found Hif Wush's Antique Weapon Emporium.
  5145 | D:4      | Found Wexteapi's Armour Shop.
  5247 | D:4      | Reached skill level 8 in Polearms
  5311 | D:4      | Found Iklio's Book Shoppe.
  5545 | D:5      | Entered Level 5 of the Dungeon
  5897 | D:5      | You fall into a shaft and drop 3 floors!
  5911 | D:8      | Noticed Erica
  5918 | D:8      | Killed from afar by Erica

Illustrated notes

Levels and vault maps discovered:
D:1:      lightli_molten_gateway, layout_basic, serial_park_tiny_1
D:2:      minmay_diamond_boxcup, layout_loops_ring, item_on_display_b
D:3:      layout_loops_ring, minmay_misc_feat_hallway, minmay_misc_feat_iff
D:4:      layout_basic, vehumet_altar_wand_db, serial_shops, shop, shop,
          nicolae_diamond_shop
D:5:      layout_basic, minmay_checkerbox, uniq_pikel, uniq_grinder
D:8:      layout_loops_corners, gammafunk_ghost_icy, uniq_maurice, uniq_erica,
          uniq_prince_ribbit1

Skill      XL: |  1  2  3  4  5  6  7 |
---------------+----------------------+-----
Fighting       | 2 3 4 5 |  5.5
Armour         | 3 |  3.8
Polearms       | 3 4 6 8 |  8.2
Dodging        | |  1.1
Stealth        | |  0.7
Evocations     | |  2.6

Action                   |  1- 3 |  4- 6 |  7- 9 || total
-------------------------+-------+-------+-------++-------
Melee: Club              |    60 |       |       ||    60
       Headbutt          |    17 |    12 |    16 ||    45
       Spear             |    18 |    33 |       ||    51
       Halberd           |       |   124 |    87 ||   211
Evoke: Wand              |    11 |     8 |     1 ||    20
  Use: Scroll            |       |       |    10 ||    10
       Potion            |       |       |     2 ||     2
Armor: Leather armour    |    15 |       |       ||    15
       Ring mail         |     6 |    60 |    15 ||    81
       Chain mail        |       |       |     4 ||     4
Dodge: Dodged            |    52 |    79 |    24 ||   155
